 Dungeon Crawl Stone Soup version 0.31-a0-479-g91c9547826 (webtiles) character file.

Game seed: 3330170284384678541

3 Ethylacetat the Chopper (level 1, -2/11 HPs)
             Began as a Vine Stalker Monk on Aug 7, 2023.
             Slain by a kobold
             ... wielding a +0 whip
              (3 damage)
             ... on level 1 of the Dungeon.
             The game lasted 00:00:14 (57 turns).

Ethylacetat the Chopper (Vine Stalker Monk)           Turns: 57, Time: 00:00:14

Health: -2/11      AC:  2    Str: 13    XL:     1   Next: 50%
Magic:  0/2        EV: 12    Int: 10    God:
Gold:   0          SH:  0    Dex: 16    Spells: 0/0 levels left

rFire   . . .        a - +0 hand axe
rCold   . . .        d - orb {light}
rNeg    . . .        b - +0 robe
rPois   .            (no helmet)
rElec   .            (no cloak)
rCorr   .            (no gloves)
SInv    .            (no boots)
Will    .....        (no amulet)
Stlth   +            (no ring)
HPRegen 0.21/turn    (no ring)
MPRegen 0.08/turn

%: guardian spirit
@: glowing
A: fangs 2, magic shield, antimagic bite, no potion heal 2
a: no special abilities


You were on level 1 of the Dungeon.
You visited 1 branch of the dungeon, and saw 1 of its levels.

Inventory:

Hand Weapons
 a - a +0 hand axe (weapon)
Armour
 b - a +0 robe (worn)
 d - an orb of light (worn)
Scrolls
 e - a scroll of poison {unknown}
Potions
 c - a potion of ambrosia


   Skills:
 + Level 2.7 Fighting
 * Level 2.8 Axes
 - Level 2.4 Dodging
 + Level 0.2 Spellcasting


You couldn't memorise any spells.
You didn't know any spells.
Your spell library was empty.

Dungeon Overview and Level Annotations

Branches:
Dungeon (1/15)

Altars:


Innate Abilities, Weirdness & Mutations

You have extremely sharp teeth.
When hurt, damage is shared between your health and your magic reserves.
Your bite disrupts and absorbs the magic of your enemies.
Potions cannot restore your health.


Message History

The rat bites you.
The kobold throws a stone.
The stone hits you.
You closely miss the jackal.
The jackal is lightly wounded.
You hit the rat.
You kill the rat!
You closely miss the jackal. The jackal barely misses you.
The jackal bites you.
The kobold throws a stone.
The stone hits you but does no damage. The jackal barely misses you. x2
The jackal bites you but does no damage.
You barely miss the jackal.
The jackal is lightly wounded.
You completely miss the jackal. You hit the jackal but do no damage.
The jackal bites you but does no damage.
The jackal bites you.
The jackal bites you but does no damage.
You are too injured to fight recklessly!
You are too injured to fight recklessly!
You are too injured to fight recklessly!
You hit the jackal.
The jackal is heavily wounded.
You hit the jackal. x2; The jackal closely misses you.
The jackal barely misses you. The jackal closely misses you. x3
The jackal barely misses you.
You hit the jackal.
The jackal is almost dead.
You barely miss the kobold. You hit the jackal.
You kill the jackal!
You hit the jackal. The kobold hits you with a +0 whip.
The jackal barely misses you. The jackal closely misses you.
The kobold barely misses you.
You hit the kobold. You bite the kobold, but do no damage.
The kobold is moderately wounded.
You hit the jackal.
You kill the jackal!
You barely miss the jackal. The jackal bites you.
* * * LOW HITPOINT WARNING * * *
The jackal bites you.
* * * LOW HITPOINT WARNING * * *
The kobold hits you with a +0 whip.
You die...

... ##...... ....
... #..##### ##...
#.# #.## ..... #.#
##.# ...####.#
#..# .....#.#
##.##
###.#.#.###..#
.####...........##
...)..†@........#
.>....h†K.......#
...........######
...........#
.............
.............#
.............#
.............#


You could see a jackal and a kobold.

Vanquished Creatures
  A giant cockroach (D:1)
  2 jackals (D:1)
  A rat (D:1)
4 creatures vanquished.

Notes
Turn   | Place    | Note
-------+----------+-------------------------------------------
     0 | D:1      | Ethylacetat the Vine Stalker Monk began the quest for the
                  | Orb.
     0 | D:1      | Reached XP level 1. HP: 11/11 MP: 2/2
    57 | D:1      | Slain by a kobold

Illustrated notes

Levels and vault maps discovered:
D:1:      minmay_arrival_hallway, layout_basic, minmay_misc_feat_roman

Action                     || total
---------------------------++-------
  Melee: Hand axe          ||     8
         Bite              ||     3
 Armour: Robe              ||     5
  Dodge: Dodged            ||    17

Table legend: (Time is in decaauts)
 A = Elapsed time spent in this place.
 B = Non-inter-level travel time spent in this place.
 C = Inter-level travel time spent in this place.
 D = Time resting spent in this place.
 E = Time spent auto-exploring this place.
 F = Levels seen in this place.
 G = Mean time per level.
                   A        B        C        D        E       F      G
               +--------+--------+--------+--------+--------+-----+--------+
         Total |     58 |     58 |      0 |      0 |     39 |   1 |   58.0 |
       Dungeon |     58 |     58 |      0 |      0 |     39 |   1 |   58.0 |
               +--------+--------+--------+--------+--------+-----+--------+

Top non-repeatable levels by time:
     D:1: 58 daAuts
